 Dungeon Crawl Stone Soup version 0.22-a0-136-g83a10e5 (webtiles) character file.

89555 varam the Grappler (level 15, -7/152 HPs)
             Began as a Troll Monk on Feb 3, 2018.
             Was a High Priest of Cheibriados.
             Mangled by a phantasmal warrior (32 damage)
             ... led by a death knight
             ... on level 15 of the Dungeon.
             The game lasted 01:30:11 (19923 turns).

varam the Grappler (Troll Monk)                    Turns: 19923, Time: 01:30:12

Health: -7/152     AC:  5    Str: 35    XL:     15   Next: 49%
Magic:  0/21       EV: 22    Int: 23    God:    Cheibriados [*****.]
Gold:   843        SH:  0    Dex: 30    Spells: 10/16 levels left

rFire    + . .     SeeInvis .     - Unarmed
rCold    + . .     Gourm    +   (no shield)
rNeg     + . .     Faith    .   g - +0 robe {rC+ rF+}
rPois    +         Spirit   +   (helmet restricted)
rElec    .         Reflect  .   n - scarf {Spirit}
rCorr    .         Harm     .   (gloves unavailable)
MR       ++++.     Clarity  +   (boots unavailable)
Stlth    +++++.....             q - amulet of the Four Winds {rN+ MR+++ Clar}
HPRegen  0.75/turn              i - +4 ring of slaying
MPRegen  0.17/turn              s - ring of the Distant Future {*Slow +Fly rPois Stlth+}

@: about to teleport, slowed, studying 2 skills, very slow
A: large, unfitting armour, claws 3, thin skeletal structure 1, fast metabolism
3, gourmand, regeneration 1, shaggy fur 1, tough skin 2, weak 1
a: Bend Time, Temporal Distortion, Slouch, Step From Time, Renounce Religion,
Evoke Flight


You were on level 15 of the Dungeon.
You worshipped Cheibriados.
Cheibriados was extremely pleased with you.
You were very full.

You visited 4 branches of the dungeon, and saw 24 of its levels.
You also visited: Sewer.

You collected 2529 gold pieces.
You spent 1686 gold pieces at shops.

Inventory:

Missiles
 h - 20 large rocks (quivered)
 z - 25 tomahawks
Armour
 g - a +0 robe of resistance (worn)
 n - a scarf of spirit shield (worn)
 A - +0 acid dragon scales
 J - a +2 robe of magic resistance
Jewellery
 a - an uncursed ring of protection from cold
 i - a +4 ring of slaying (left claw)
 q - the amulet of the Four Winds (around neck) {rN+ MR+++ Clar}
   (You bought it in a shop on level 2 of the Orcish Mines)

   [amulet of nothing]

   It protects you from negative energy.
   It affects your resistance to hostile enchantments.
   It protects you against confusion.
 s - the ring of the Distant Future (right claw) {*Slow +Fly rPois Stlth+}
   (You bought it in a shop on level 2 of the Orcish Mines)

   [ring of flight]

   It protects you from poison.
   It lets you fly.
   It may slow you when you take damage.
   It makes you more stealthy.
 u - a +3 ring of dexterity
 S - an uncursed amulet of regeneration
Wands
 j - a wand of flame (16)
 x - a wand of iceblast (12)
 D - a wand of polymorph (12)
 K - a wand of enslavement (32)
 N - a wand of digging (5)
 O - a wand of paralysis (11)
 U - a wand of acid (12)
Scrolls
 e - 4 scrolls of identify
 f - 5 scrolls of teleportation
 l - 7 scrolls of remove curse
 p - 3 scrolls of enchant armour
 r - 3 scrolls of magic mapping
 v - 2 scrolls of amnesia
 w - a scroll of holy word
 y - 3 scrolls of blinking
 C - a scroll of fear {unknown}
Potions
 c - 3 potions of flight
 d - 6 potions of agility
 m - 5 potions of might
 o - 6 potions of curing
 t - 5 potions of invisibility
Books
 B - a book of Debilitation

   Spells                             Type                      Level
   a - Corona                         Hexes                        1
   b - Slow                           Hexes                        2
   c - Inner Flame                    Hexes/Fire                   3
   d - Portal Projectile              Hexes/Translocation          3
   e - Cause Fear                     Hexes                        4
   f - Leda's Liquefaction            Hexes/Earth                  4
 W - a manual of Throwing
 X - a manual of Stealth
Comestibles
 b - 42 rations


   Skills:
 * Level 10.5 Fighting
 + Level 11.3 Throwing
 + Level 1.5 Armour
 * Level 11.5 Dodging
 + Level 4.0 Stealth
 * Level 12.6 Unarmed Combat
 + Level 1.2 Spellcasting
 + Level 5.4 Translocations
 * Level 9.6 Invocations


You had 10 spell levels left.
You knew the following spells:

 Your Spells              Type           Power        Failure   Level  Hunger
a - Blink                 Tloc           N/A          2%          2    ###....
b - Lesser Beckoning      Tloc           ####......   4%          3    ####...
c - Apportation           Tloc           ####..       1%          1    ##.....


Dungeon Overview and Level Annotations

Branches:
Dungeon (15/15)            Temple (1/1) D:5            Lair (6/6) D:11
 Shoals (0/4) Lair:3       Spider (0/4) Lair:3        Slime (0/5) Lair:5
    Orc (2/2) D:9             Elf (0/3) Orc:2        Vaults (0/5) D:14
 Depths: D:15

Altars:
Ashenzari
Cheibriados
Dithmenos
Elyvilon
Fedhas
Gozag
Hepliaklqana
Kikubaaqudgha
Makhleb
Nemelex Xobeh
Okawaru
Qazlal
Ru
Sif Muna
Trog
Uskayaw
Vehumet
Wu Jian
Xom
Yredelemnul
Zin
The Shining One

Shops:
D:11 [   D:12 :   D:14 [   Orc:1 *   Orc:2 [}}=?


Innate Abilities, Weirdness & Mutations

You are too large for most types of armour.
You have claws for hands.
Your metabolism is lightning-fast.
You like to eat raw meat.
Your natural rate of healing is unusually fast.
You are covered in fur. (AC +1)
You have very tough skin. (AC +2)
You have a somewhat thin skeletal structure. (Dex +2, Stealth)
You are weak. (Str -2)


Message History

The phantasmal warrior misses you.
Casting: Blink (safe; 2% risk of failure)
Confirm with . or Enter, or press ? or * to list all spells.
Okay, then.
Casting: Blink (safe; 2% risk of failure)
Confirm with . or Enter, or press ? or * to list all spells.
Okay, then.
You don't have enough magic at the moment.
Okay, then.
As you read the scroll of teleportation, it crumbles to dust.
You feel strangely unstable. The phantasmal warrior hits you!
The wraith barely misses you.
You barely miss the phantasmal warrior. The phantasmal warrior misses you.
The phantasmal warrior hits you!!
* * * LOW HITPOINT WARNING * * *
The wraith completely misses you. The phantasmal warrior misses you.
You hear a shout!
You feel better. The phantasmal warrior misses you. The wraith misses you.
The phantasmal warrior hits you!!
You die...

..........# #.# ##...(...##. .
.#####.#.## #.#
##..(..(O..#.#.. . ###.#.# #.#
#............#.. . ##.#c#.##
#.# #..(♣.≈.♣...... .##.#..#..#
#.###..(.≈≈≈....### .#.###.##.#
#.##.(..≈≈⌠≈≈....# .<## ##...#
#.##....(≈≈≈.....#
##.###.##.####†##W...♣§≈Z♣c...#
##..#......)..WW@W...♣..).....#
#.##.#....(#######.......$..#.#
#.##.........# #.........#..#
..##.........# ..#.#.#
###########... ... ..#
#...#.#.# .### ..#. (#
#.#.#.#.# ..# ..#(# #
##.#...#.###.# ... #
...#####.....#


You could see 2 phantasmal warriors, a freezing wraith and a wraith.

Vanquished Creatures
  Gastronok (Orc:1)
  A stone giant (Orc:2)
  A yaktaur captain (D:14)
  3 ogre magi
  3 hydras
  4 catoblepae
  2 centaur warriors
  17 two-headed ogres
  2 death knights
  12 death yaks
  Sonja (D:15)
  The ghost of Sergey the Grappler, a novice CeTm of Cheibriados (D:8)
  4 unseen horrors
  2 deep trolls (Orc:2)
  2 phantasmal warriors (D:13)
  7 cyclopes
  A deep elf mage (D:14)
  4 manticores
  2 orc sorcerers (Orc:2)
  6 ugly things
  A salamander (D:15)
  Joseph (D:8)
  A gargoyle (D:15)
  Maurice (D:8)
  A torpor snail (Lair:4)
  4 black mambas
  The ghost of Armakuni the Charmwright, a novice DgSk (D:5)
  10 spiny frogs
  2 yaktaurs (D:14)
  4 kobold demonologists
  3 efreet
  A freezing wraith (D:13)
  7 komodo dragons
  12 trolls
  2 queen bees
  A polar bear (Lair:2)
  7 blink frogs
  5 hippogriffs
  A snapping turtle (Lair:3)
  9 dream sheep
  Sigmund (D:6)
  A spriggan (Lair:1)
  3 wyverns
  2 wraiths
  5 basilisks
  48 yaks
  3 vampire mosquitoes (D:15)
  A warg (Orc:1)
  An acid dragon (D:14)
  3 soldier ants
  4 porcupines
  10 water moccasins
  25 orc warriors
  A swamp drake (D:9)
  2 phantoms
  12 ice beasts
  30 ogres
  5 sky beasts
  2 black bears
  2 eyes of draining
  6 wolves (Lair:3)
  5 centaurs
  14 crocodiles
  A crocodile (shapeshifter) (D:13)
  7 big kobolds
  14 bullfrogs
  A wyvern zombie (D:15)
  6 scorpions
  18 killer bees
  6 electric eels
  3 wights
  5 howler monkeys
  3 lava snakes (Lair:4)
  3 bullfrog zombies
  16 crimson imps
  3 centaur zombies
  6 jellies
  2 quasits
  23 orc priests
  7 hounds
  3 bullfrog skeletons
  8 centaur skeletons
  An iguana (D:12)
  Jessica (D:3)
  31 orc wizards
  10 worker ants
  3 hound skeletons
  A howler monkey zombie (D:6)
  A worker ant zombie (D:11)
  13 adders
  A shadow imp (D:6)
  2 adder zombies
  6 oozes
  2 adder skeletons
  A worm (D:2)
  3 dart slugs
  8 leopard geckos
  92 orcs
  5 ball pythons
  10 giant cockroaches
  5 goblins
  13 hobgoblins
  10 jackals
  2 quokkas
  A ball python skeleton (D:5)
  12 bats
  A frilled lizard (D:2)
  22 kobolds
  2 leopard gecko skeletons (D:6)
  A quokka zombie (D:8)
  9 rats
740 creatures vanquished.

Vanquished Creatures (others)
  An ice beast (D:12)
  A scorpion (D:6)
  2 orcs (D:9)
  A fungus (Lair:4)
  18 plants
23 creatures vanquished.

Grand Total: 763 creatures vanquished

Notes
Turn   | Place    | Note
-------+----------+-------------------------------------------
     0 | D:1      | varam the Troll Monk began the quest for the Orb.
     0 | D:1      | Reached XP level 1. HP: 22/22 MP: 0/0
   122 | D:1      | Reached XP level 2. HP: 23/29 MP: 1/1
   550 | D:1      | Reached XP level 3. HP: 36/36 MP: 2/2
   983 | D:3      | Found a shattered altar of Ashenzari.
  1033 | D:3      | Found a shimmering altar of Xom.
  1033 | D:3      | Found a shimmering altar of Xom.
  1033 | D:3      | Found a shimmering altar of Xom.
  1033 | D:3      | Found a shimmering altar of Xom.
  1034 | D:3      | Found a shimmering altar of Xom.
  1034 | D:3      | Found a shimmering altar of Xom.
  1034 | D:3      | Found a shimmering altar of Xom.
  1034 | D:3      | Found a shimmering altar of Xom.
  1034 | D:3      | Found a shimmering altar of Xom.
  1034 | D:3      | Found a shimmering altar of Xom.
  1076 | D:3      | Found a shadowy altar of Dithmenos.
  1113 | D:3      | Reached XP level 4. HP: 43/44 MP: 3/3
  1164 | D:3      | Found an ancient bone altar of Kikubaaqudgha.
  1165 | D:3      | Reached skill level 3 in Dodging
  1228 | D:3      | Noticed Jessica
  1231 | D:3      | Killed Jessica
  1231 | D:3      | Reached skill level 3 in Fighting
  1303 | D:3      | Reached skill level 4 in Unarmed Combat
  1364 | D:3      | Found a glowing drain.
  1369 | Sewer    | Entered a sewer
  1438 | Sewer    | Reached XP level 5. HP: 53/53 MP: 4/4
  1507 | Sewer    | Reached skill level 5 in Unarmed Combat
  1563 | Sewer    | Reached XP level 6. HP: 49/61 MP: 5/5
  1575 | Sewer    | Reached skill level 6 in Unarmed Combat
  2176 | D:4      | Reached XP level 7. HP: 55/67 MP: 6/6
  2178 | D:4      | Reached skill level 7 in Unarmed Combat
  2459 | D:4      | Found a sparkling altar of Nemelex Xobeh.
  2746 | D:5      | Entered Level 5 of the Dungeon
  2801 | D:5      | Noticed Armakuni's ghost (novice DgSk)
  2823 | D:5      | Killed Armakuni's ghost
  2823 | D:5      | Reached skill level 8 in Unarmed Combat
  2828 | D:5      | Found a staircase to the Ecumenical Temple.
  2845 | Temple   | Entered the Ecumenical Temple
  2925 | Temple   | Became a worshipper of Cheibriados the Contemplative
  2925 | Temple   | Reached * piety under Cheibriados
  2925 | Temple   | Reached ** piety under Cheibriados
  3187 | D:2      | Reached XP level 8. HP: 72/75 MP: 7/7
  3327 | D:2      | Found a stormy altar of Qazlal.
  3328 | D:2      | Found a blossoming altar of Fedhas.
  4141 | D:5      | Reached skill level 1 in Throwing
  4381 | D:5      | Found a glowing silver altar of Zin.
  4568 | D:5      | Reached *** piety under Cheibriados
  4574 | D:5      | Reached skill level 2 in Throwing
  4708 | D:6      | Reached skill level 4 in Dodging
  4717 | D:6      | Found a shattered altar of Ashenzari.
  4743 | D:6      | Reached skill level 4 in Fighting
  4783 | D:6      | Reached skill level 3 in Throwing
  4811 | D:6      | Found an ornate altar of the Wu Jian Council.
  4907 | D:6      | Noticed Sigmund
  4917 | D:6      | Killed Sigmund
  4926 | D:6      | Reached XP level 9. HP: 52/85 MP: 8/8
  5030 | D:6      | Reached **** piety under Cheibriados
  5085 | D:6      | Reached skill level 5 in Dodging
  5125 | D:6      | Reached skill level 4 in Throwing
  5151 | D:6      | Reached skill level 5 in Fighting
  5481 | D:6      | Found an iron altar of Okawaru.
  5546 | D:6      | Reached skill level 6 in Dodging
  5841 | D:8      | Reached skill level 5 in Throwing
  5849 | D:8      | Noticed Sergey's ghost (novice CeTm)
  5860 | D:8      | Killed Sergey's ghost
  5860 | D:8      | Reached skill level 1 in Invocations
  5860 | D:8      | Reached XP level 10. HP: 81/98 MP: 5/9
  5919 | D:8      | Reached ***** piety under Cheibriados
  5937 | D:8      | Reached skill level 7 in Dodging
  6100 | D:7      | Reached skill level 6 in Fighting
  6187 | D:7      | Found a burning altar of Makhleb.
  6209 | D:7      | Learned a level 2 spell: Blink
  6360 | D:7      | Reached skill level 2 in Invocations
  6506 | D:7      | Found a glowing golden altar of the Shining One.
  6582 | D:8      | Noticed a two-headed ogre
  6588 | D:8      | Noticed a two-headed ogre
  6591 | D:8      | Killed a two-headed ogre
  6591 | D:8      | Reached skill level 1 in Translocations
  6643 | D:10     | Entered Level 10 of the Dungeon
  6687 | D:8      | Noticed a centaur warrior
  6722 | D:8      | Noticed a two-headed ogre
  6730 | D:8      | Killed a two-headed ogre
  6763 | D:8      | Killed a two-headed ogre
  6763 | D:8      | Reached skill level 6 in Throwing
  6763 | D:8      | Reached skill level 8 in Dodging
  6763 | D:8      | Reached skill level 2 in Translocations
  6763 | D:8      | Reached skill level 3 in Invocations
  6793 | D:8      | Found a radiant altar of Vehumet.
  6805 | D:8      | Noticed Joseph
  6865 | D:8      | Killed Joseph
  6949 | D:8      | Killed a centaur warrior
  6949 | D:8      | Reached XP level 11. HP: 56/107 MP: 6/12
  6971 | D:8      | Noticed Maurice
  6984 | D:8      | Killed Maurice
  7524 | D:9      | Reached skill level 9 in Unarmed Combat
  7634 | D:10     | Killed an unseen horror
  7634 | D:10     | Reached skill level 4 in Invocations
  7686 | D:10     | Noticed a green ugly thing
  7699 | D:10     | Killed a green ugly thing
  7699 | D:10     | Reached skill level 7 in Fighting
  7699 | D:10     | Reached skill level 3 in Translocations
  7770 | D:9      | Killed an unseen horror
  7889 | D:9      | Found a shadowy altar of Dithmenos.
  8161 | D:9      | Noticed a two-headed ogre
  8171 | D:9      | Killed a two-headed ogre
  8171 | D:9      | Reached skill level 7 in Throwing
  8281 | D:9      | You fall through a shaft!
  8329 | D:10     | Reached skill level 9 in Dodging
  8875 | D:11     | Reached skill level 5 in Invocations
  8921 | D:11     | Noticed a two-headed ogre
  8927 | D:11     | Killed a two-headed ogre
  9124 | D:11     | Found Foteid's Antique Armour Boutique.
  9133 | D:11     | Bought an embroidered robe for 96 gold pieces
  9193 | D:11     | Reached XP level 12. HP: 118/118 MP: 14/14
  9207 | D:11     | Noticed a five-headed hydra
  9218 | D:11     | Killed a ten-headed hydra
  9319 | D:11     | Noticed a two-headed ogre
  9319 | D:11     | Found a staircase to the Lair.
  9324 | D:11     | Killed a two-headed ogre
  9324 | D:11     | Reached skill level 10 in Unarmed Combat
  9554 | D:11     | Noticed a two-headed ogre
  9560 | D:11     | Killed a two-headed ogre
  9737 | Lair:1   | Entered Level 1 of the Lair of Beasts
  9807 | Lair:1   | Reached skill level 8 in Fighting
 10012 | Lair:1   | Reached skill level 8 in Throwing
 10135 | Lair:1   | Reached skill level 6 in Invocations
 10516 | Lair:2   | Found a shadowy altar of Dithmenos.
 10796 | Lair:2   | Reached ****** piety under Cheibriados
 11092 | Lair:3   | Found a hole to the Spider Nest.
 11195 | Lair:3   | Reached XP level 13. HP: 104/128 MP: 17/17
 11271 | Lair:4   | Reached skill level 10 in Dodging
 11334 | Lair:3   | Reached skill level 7 in Invocations
 11833 | Lair:3   | Found a staircase to the Shoals.
 12106 | Lair:4   | Reached skill level 9 in Throwing
 12106 | Lair:4   | Reached skill level 11 in Unarmed Combat
 12123 | Lair:4   | Learned a level 3 spell: Lesser Beckoning
 12444 | Lair:4   | Reached skill level 9 in Fighting
 12941 | Lair:5   | Found a staircase to the Slime Pits.
 13053 | Lair:5   | Reached skill level 2 in Stealth
 13419 | Lair:6   | Entered Level 6 of the Lair of Beasts
 14102 | Lair:6   | Reached skill level 4 in Translocations
 14173 | Lair:6   | Reached skill level 8 in Invocations
 14187 | Lair:6   | Reached XP level 14. HP: 70/140 MP: 13/19
 14321 | Lair:6   | Learned a level 1 spell: Apportation
 15001 | D:12     | Found Behasod's Book Emporium.
 15990 | D:9      | Found a staircase to the Orcish Mines.
 16123 | Orc:1    | Entered Level 1 of the Orcish Mines
 16126 | Orc:1    | Noticed Gastronok
 16142 | Orc:1    | Killed Gastronok
 16142 | Orc:1    | Reached skill level 10 in Throwing
 16308 | Orc:2    | Entered Level 2 of the Orcish Mines
 16373 | Orc:2    | Found Lepunim's Magic Scroll Emporium.
 16466 | Orc:2    | Noticed a stone giant
 16469 | Orc:2    | Killed a stone giant
 16591 | Orc:2    | Reached skill level 3 in Stealth
 16722 | Orc:1    | Found an iron altar of Okawaru.
 16795 | Orc:2    | Reached skill level 11 in Dodging
 16795 | Orc:2    | Reached skill level 5 in Translocations
 16798 | Orc:2    | Reached skill level 12 in Unarmed Combat
 16812 | Orc:2    | Reached skill level 10 in Fighting
 16820 | Orc:2    | HP: 14/143 [two-headed ogre/giant club (35)]
 16831 | Orc:2    | Reached skill level 9 in Invocations
 16860 | Orc:2    | HP: 5/143 [cyclops (19)]
 16913 | Orc:2    | Found Woawuwn's Gadget Shoppe.
 16933 | Orc:2    | Found Vogoez's Jewellery Shoppe.
 16935 | Orc:2    | Found a staircase to the Elven Halls.
 16943 | Orc:2    | Found Totiqix's Gadget Boutique.
 16960 | Orc:2    | Found Giutuanu's Antique Armour Emporium.
 17243 | Orc:1    | Found Qestrebb's Assorted Antiques.
 17324 | Orc:1    | Bought a glowing scarf for 216 gold pieces
 17822 | Orc:2    | Bought the amulet of the Four Winds {rN+ MR+++ Clar} for 746 gold pieces
 17822 | Orc:2    | Found the amulet of the Four Winds {rN+ MR+++ Clar}
 17824 | Orc:2    | Bought the ring of the Distant Future {*Slow +Fly rPois Stlth+} for 440 gold pieces
 17862 | Orc:1    | Bought a scroll labeled ZAHACS TEGG for 27 gold pieces
 17884 | Orc:2    | Bought a scroll of identify for 28 gold pieces
 17884 | Orc:2    | Bought a scroll of identify for 28 gold pieces
 17884 | Orc:2    | Bought a scroll of holy word for 105 gold pieces
 18054 | D:9      | Gained mutation: You are weak. (Str -2) [potion of mutation]
 18054 | D:9      | Gained mutation: You are surrounded by a mild repulsion field. (EV +2) [potion of mutation]
 18054 | D:9      | Gained mutation: You have large cloven feet. [potion of mutation]
 18134 | Lair:1   | Lost mutation: You are weak. (Str -2) [potion of mutation]
 18134 | Lair:1   | Lost mutation: You have large cloven feet. [potion of mutation]
 18134 | Lair:1   | Gained mutation: You can translocate small distances at will. [potion of mutation]
 18134 | Lair:1   | Lost mutation: You can translocate small distances at will. [potion of mutation]
 18134 | Lair:1   | Gained mutation: You are somewhat resistant to further mutation. [potion of mutation]
 18135 | Lair:1   | Lost mutation: You are somewhat resistant to further mutation. [potion of mutation]
 18135 | Lair:1   | Lost mutation: You are surrounded by a mild repulsion field. (EV +2) [potion of mutation]
 18135 | Lair:1   | Gained mutation: You have a pair of small horns on your head. [potion of mutation]
 18135 | Lair:1   | Gained mutation: Your muscles are strong. (Str +2) [potion of mutation]
 18135 | Lair:1   | Gained mutation: Your spells are a little harder to cast, but a little more powerful. [potion of mutation]
 18138 | Lair:1   | Lost mutation: You have a pair of small horns on your head. [potion of mutation]
 18138 | Lair:1   | Lost mutation: Your muscles are strong. (Str +2) [potion of mutation]
 18138 | Lair:1   | Gained mutation: You are partially covered in yellow scales. (AC +2) [potion of mutation]
 18138 | Lair:1   | Gained mutation: You are covered in thick fur. (AC +2) [potion of mutation]
 18139 | Lair:1   | Lost mutation: Your spells are a little harder to cast, but a little more powerful. [potion of mutation]
 18139 | Lair:1   | Lost mutation: You are covered in thick fur. (AC +2) [potion of mutation]
 18139 | Lair:1   | Lost mutation: You are partially covered in yellow scales. (AC +2) [potion of mutation]
 18139 | Lair:1   | Gained mutation: You are weak. (Str -2) [potion of mutation]
 18139 | Lair:1   | Gained mutation: You have a somewhat thin skeletal structure. (Dex +2, Stealth) [potion of mutation]
 18143 | Lair:1   | Identified a scroll of acquirement
 18150 | Lair:1   | Got an ancient robe
 18161 | Lair:1   | Identified the +2 robe "Hoazoceu" {MR- Dex+3 Stlth+} (You acquired it on level 1 of the Lair of Beasts)
 18356 | D:13     | Reached XP level 15. HP: 112/149 MP: 15/20
 18373 | D:13     | Reached skill level 11 in Throwing
 18541 | D:13     | You fall through a shaft for 2 floors!
 18541 | D:15     | Entered Level 15 of the Dungeon
 18541 | D:15     | Noticed Sonja
 18550 | D:15     | Killed Sonja
 18820 | D:14     | Found Naro's Antique Armour Shoppe.
 18971 | D:14     | Reached skill level 1 in Armour
 19016 | D:14     | Found a gate to the Vaults.
 19429 | D:14     | Reached skill level 1 in Spellcasting
 19888 | D:15     | Reached skill level 4 in Stealth
 19918 | D:15     | HP: 6/152 [wraith[a death knight] (10)]
 19923 | D:15     | Mangled by a phantasmal warrior

Vault maps used:
D:1:      saegor_arrival_simple_c, solitary_fountain
D:2:      grunt_temple_overflow_forces_of_nature, minmay_surrounded
D:3:      kennysheep_six_static_rooms, lemuel_coloured_pillars_altar,
          kiku_gazebo_pond_becter, nicolae_overflow_hidden_temple,
          xom_redecorated, portal_sewer_entry_e, serial_park_tiny_1,
          uniq_jessica
D:4:      kennysheep_little_box, first_ration, chequers_big_river,
          grunt_ministairs_7
D:5:      mumra_celtic_spiral_tile, zin_scriptorium,
          minmay_temple_entry_glassed_door
D:6:      wad_river_or_something, lemuel_round_altar, marbit_many_paths,
          ashenzari_altar_1, uniq_sigmund
D:7:      lemuel_doored_altar, overflow_temple_1_default
D:8:      minmay_distorted_concentric_squares, old_standard_altar,
          david_nohive_1, uniq_joseph, uniq_maurice
D:9:      erik_orc_1, basic_altar, nicolae_looking_at_the_future
D:11:     david_lair_shrubbed, serial_shops, nicolae_shop_stone
D:12:     portal_ice_cave_entry_ice_beasts, serial_shops, shop_statue
D:13:     minivault_16
D:14:     david_vaults_2, serial_shops, nicolae_shop_stone, nrook_mini_backslash
D:15:     hangedman_depths_entry_try_elsewhere_first, serial_park_square3,
          bh_walls_and_bars, uniq_sonja
Temple:   dpeg_three_leaves_temple
Lair:1:   grunt_forest_large_clearing_hut
Lair:2:   basic_altar, grunt_megastairs_2
Lair:3:   minmay_shoals_entry_hut, spider_nest_entry_web_field, minivault_24,
          lemuel_fruit_tree
Lair:4:   grunt_megastairs_5
Lair:5:   nicolae_slime_entry_slimehenge
Lair:6:   evilmike_catoblepas_cave
Orc:1:    serial_shops, nicolae_shop_waterfront, okawaru_metal_pillars_1_2,
          uniq_gastronok
Orc:2:    st_orc_open, serial_shops, nicolae_shop_trees
Sewer:    kennysheep_pipe_town

Skill      XL: |  1  2  3  4  5  6  7  8  9 10 11 12 13 14 15 |
---------------+----------------------------------------------+-----
Dodging        | 3 4 6 8 9 10 11 | 11.5
Fighting       | 3 4 5 6 7 8 9 10 | 10.5
Unarmed Combat | 4 5 6 8 9 10 11 12 | 12.6
Throwing       | 3 5 6 7 8 9 10 11 | 11.3
Invocations    | 1 3 5 6 8 9 |  9.6
Translocations | 2 3 4 5 |  5.4
Stealth        | 2 3 4 |  4.0
Armour         | 1 |  1.5
Spellcasting   | 1 |  1.2

Action                   |  1- 3 |  4- 6 |  7- 9 | 10-12 | 13-15 || total
-------------------------+-------+-------+-------+-------+-------++-------
Melee: Unarmed           |   126 |    90 |   229 |   362 |   689 ||  1496
       Punch             |     1 |       |    12 |    25 |    61 ||    99
Throw: Tomahawk          |       |       |    17 |   194 |    52 ||   263
       Javelin           |       |       |    10 |     8 |       ||    18
       Large rock        |       |       |       |       |    27 ||    27
 Cast: Blink             |       |       |       |       |     3 ||     3
       Lesser Beckoning  |       |       |       |       |     3 ||     3
Invok: Bend Time         |       |       |     3 |    13 |     7 ||    23
       Slouch            |       |       |       |     5 |    14 ||    19
Evoke: Wand              |       |       |       |       |     3 ||     3
  Use: Scroll            |     2 |       |     8 |     3 |    12 ||    25
       Potion            |       |       |       |     4 |    14 ||    18
 Stab: Sleeping          |     1 |     3 |     5 |     7 |    21 ||    37
       Distracted        |       |       |     2 |       |     4 ||     6
       Confused          |       |       |       |       |     2 ||     2
  Eat: Chunk             |    16 |     8 |    25 |    41 |    64 ||   154
Armor: Robe              |    84 |    40 |    41 |    55 |    77 ||   297
Dodge: Dodged            |    92 |    46 |    85 |   334 |   726 ||  1283

Table legend:
 A = Spawn XP
 B = Non-spawn XP
 C = Spawn XP percentage of total XP
 D = Spawn monster count
 E = Non-spawn monster count
 F = Spawn count percentage of total count
 G = Total turns spent on level
                    A         B        C        D         E        F      G
               +---------+---------+-------+---------+---------+-------+---------
         Total |       0 |  127937 |   0.0 |       0 |     740 |   0.0 | 19923
               +---------+---------+-------+---------+---------+-------+---------
           D:1 |       0 |      43 |   0.0 |       0 |      25 |   0.0 |   765
           D:2 |       0 |      51 |   0.0 |       0 |      23 |   0.0 |   765
           D:3 |       0 |     122 |   0.0 |       0 |      26 |   0.0 |   900
           D:4 |       0 |     359 |   0.0 |       0 |      14 |   0.0 |   830
           D:5 |       0 |    1036 |   0.0 |       0 |      29 |   0.0 |  1047
           D:6 |       0 |    2646 |   0.0 |       0 |      50 |   0.0 |  1035
           D:7 |       0 |     984 |   0.0 |       0 |      22 |   0.0 |   667
           D:8 |       0 |    7490 |   0.0 |       0 |      45 |   0.0 |   924
           D:9 |       0 |    4874 |   0.0 |       0 |      52 |   0.0 |  1266
          D:10 |       0 |    2274 |   0.0 |       0 |      16 |   0.0 |   828
          D:11 |       0 |    6770 |   0.0 |       0 |      34 |   0.0 |  1068
          D:12 |       0 |    3944 |   0.0 |       0 |      26 |   0.0 |   871
          D:13 |       0 |    8837 |   0.0 |       0 |      36 |   0.0 |   635
          D:14 |       0 |   10152 |   0.0 |       0 |      27 |   0.0 |   701
          D:15 |       0 |    7406 |   0.0 |       0 |      20 |   0.0 |   370
        Lair:1 |       0 |    2540 |   0.0 |       0 |      10 |   0.0 |   771
        Lair:2 |       0 |    6993 |   0.0 |       0 |      30 |   0.0 |   722
        Lair:3 |       0 |    6243 |   0.0 |       0 |      28 |   0.0 |   979
        Lair:4 |       0 |    4996 |   0.0 |       0 |      17 |   0.0 |   791
        Lair:5 |       0 |    6937 |   0.0 |       0 |      23 |   0.0 |   623
        Lair:6 |       0 |   16753 |   0.0 |       0 |      44 |   0.0 |  1344
         Orc:1 |       0 |    4743 |   0.0 |       0 |      44 |   0.0 |   631
         Orc:2 |       0 |   21296 |   0.0 |       0 |      76 |   0.0 |   996
         Sewer |       0 |     448 |   0.0 |       0 |      23 |   0.0 |   301
               +---------+---------+-------+---------+---------+-------+---------
